 Dungeon Crawl Stone Soup version 0.31-a0-236-g9a0961fb85 (webtiles) character file.

Game seed: 3048365248839190455

44 qw the Shooter (level 3, -1/29 HPs)
             Began as a Minotaur Hexslinger on July 10, 2023.
             Slain by Terence
             ... wielding a +0 hand axe
              (2 damage)
             ... on level 2 of the Dungeon.
             The game lasted 00:00:29 (1239 turns).

qw the Shooter (Minotaur Hexslinger)                Turns: 1239, Time: 00:00:29

Health: -1/29      AC:  5    Str: 12    XL:     3   Next: 41%
Magic:  3/3        EV: 11    Int: 10    God:
Gold:   86         SH:  0    Dex: 14    Spells: 3/4 levels left

rFire   . . .        Y - +1 sling
rCold   . . .        (no shield)
rNeg    . . .        d - +0 ring mail
rPois   .            (helmet restricted)
rElec   .            (no cloak)
rCorr   .            (no gloves)
SInv    .            (no boots)
Will    .....        (no amulet)
Stlth   +            (no ring)
HPRegen 0.24/turn    (no ring)
MPRegen 0.08/turn

%: no passive effects
@: no status effects
A: horns 2, retaliatory headbutt
a: no special abilities


You were on level 2 of the Dungeon.
You visited 1 branch of the dungeon, and saw 2 of its levels.

You collected 86 gold pieces.


Innate Abilities, Weirdness & Mutations

You have a pair of horns on your head.
You reflexively headbutt those who attack you in melee.


   Skills:
 - Level 2.1 Fighting
 + Level 3.9 Ranged Weapons
 - Level 2.1 Dodging
 - Level 1.0 Spellcasting
 - Level 2.0 Hexes


You had 3 spell levels left.
You knew the following spells:

 Your Spells              Type           Power      Damage    Failure   Level
a - Slow                  Hex            16%        N/A       34%         1

Your spell library contained the following spells:

 Spells                   Type           Power      Damage    Failure   Level
 Inner Flame              Hex/Fire       2%         N/A       83%         3
 Portal Projectile        Hex/Tloc       4%         N/A       83%         3
 Cause Fear               Hex            2%         N/A       98%         4

Inventory:

Hand Weapons
 Y - a +1 sling (weapon)
Armour
 d - a +0 ring mail (worn)
Scrolls
 b - a scroll of blinking {unknown}
Potions
 a - 2 potions of ambrosia {unknown}
 c - a potion of cancellation {unknown}
 g - a potion of curing {unknown}

Dungeon Overview and Level Annotations

Branches:
Dungeon (2/15)

Altars:

Annotations:
D:2 Terence


Message History

You shoot a sling bullet.
The sling bullet barely misses the ball python.
You shoot a sling bullet. The sling bullet hits the ball python.
You kill the ball python!
Terence the Incautious comes into view.
He is wielding a +0 hand axe.
Terence shouts!
Enter note: You shoot a sling bullet.
The sling bullet completely misses Terence.
You shoot a sling bullet. The sling bullet hits Terence.
Terence is lightly wounded.
Terence shouts, "Now you die!"
You shoot a sling bullet. The sling bullet barely misses Terence.
Terence hits you with a +0 hand axe!
You shoot a sling bullet.
The sling bullet hits Terence but does no damage.
Terence is lightly wounded.
Terence barely misses you. You furiously retaliate!
You headbutt Terence. You shoot a sling bullet. The sling bullet hits Terence.
Terence is severely wounded.
Terence looks scornfully at you. Terence closely misses you.
Terence barely misses you.
You shoot a sling bullet.
The sling bullet hits Terence but does no damage.
Terence is severely wounded.
Terence hits you with a +0 hand axe.
You shoot a sling bullet.
The sling bullet hits Terence but does no damage.
Terence is severely wounded.
Terence hits you with a +0 hand axe.
You shoot a sling bullet. The sling bullet hits Terence.
Terence is severely wounded.
Terence hits you with a +0 hand axe!
You shoot a sling bullet. The sling bullet hits Terence.
Terence is almost dead.
Terence hits you with a +0 hand axe. Terence hits you with a +0 hand axe!
You shoot a sling bullet. The sling bullet hits Terence.
Terence is almost dead.
Terence hits you with a +0 hand axe.
You die...

#.# #.# #.## #.#
#.# #.# # #?
#.#####%######
#.####.....>.......
..#..........######
#.#.##......(# #
#.#.###.####.#
##@#.# #.# #.######
#..@.# #.# #......#
#....# #.# ######.#
#...## #.# #.#
##### #.# #.# #.#
#.# ... ######.#
#......# #.######
#.#


You could see Terence.

Vanquished Creatures
  A dart slug (D:1)
  7 ball pythons
  4 endoplasms (D:1)
  2 giant cockroaches (D:1)
  A goblin (D:1)
  6 hobgoblins
  2 quokkas
  6 bats
  A frilled lizard (D:1)
  4 kobolds (D:1)
  4 rats
38 creatures vanquished.

Notes
Turn   | Place    | Note
-------+----------+-------------------------------------------
     0 | D:1      | qw the Minotaur Hexslinger began the quest for the Orb.
     0 | D:1      | Reached XP level 1. HP: 16/16 MP: 1/1
     0 | D:1      | 0 ||| qw: Version: 0.3-a-51-g015441d
     0 | D:1      | 0 ||| qw: Game counter: 4479
     0 | D:1      | 0 ||| qw: Melee chars always use a shield: true
     0 | D:1      | 0 ||| qw: God list: Okawaru
     0 | D:1      | 0 ||| qw: Allow faded altars: false
     0 | D:1      | 0 ||| qw: Do Orc after clearing Dungeon:15 true
     0 | D:1      | 0 ||| qw: Do second Lair branch before Depths: true
     0 | D:1      | 0 ||| qw: Lair rune preference: random
     0 | D:1      | 0 ||| qw: Goals: Normal
     0 | D:1      | 0 ||| PLANNING D:1-11
   168 | D:1      | Reached skill level 3 in Ranged Weapons
   227 | D:1      | Reached XP level 2. HP: 23/23 MP: 2/2
   482 | D:1      | Found a faded altar of an unknown god.
   650 | D:1      | Reached XP level 3. HP: 29/29 MP: 3/3
   909 | D:1      | 909 ||| UPGRADING to +0 ring mail.
   919 | D:1      | 919 ||| DROPPING +0 robe.
   920 | D:1      | 920 ||| DROPPING +6 ring of intelligence.
   921 | D:1      | 921 ||| READING scroll labelled GUINUU NUDEEG.
   922 | D:1      | 922 ||| READING scroll labelled VEGE ZUMIBU.
   923 | D:1      | 923 ||| READING 2 scrolls labelled XAVOCKIRHU.
   924 | D:1      | 924 ||| READING scroll labelled NOBLERREGO.
   925 | D:1      | 925 ||| READING scroll labelled IPPYLO CASCH.
   926 | D:1      | 926 ||| READING scroll labelled PAV LESUUKLYET.
   927 | D:1      | 927 ||| DROPPING scroll of poison.
   928 | D:1      | 928 ||| DROPPING scroll of fear.
  1229 | D:2      | Noticed Terence
  1238 | D:2      | HP: 1/29 [Terence/+0 hand axe (7)]
  1239 | D:2      | Slain by Terence

Levels and vault maps discovered:
D:1:      amcnicky_arrival_wind_blow, layout_basic,
          hellmonk_ecumenical_altar_defaced_shrine, skrybe_limestone_x
D:2:      layout_loops_ring, uniq_terence

Skill      XL: |  1  2 |
---------------+-------+-----
Ranged Weapons | 3 |  3.9
Fighting       | 2 |  2.1
Dodging        | |  2.1
Spellcasting   | |  1.0
Hexes          | |  2.0

Action                     || total
---------------------------++-------
   Fire: Sling             ||   107
    Use: Scroll            ||     6
 Armour: Robe              ||     5
         Ring mail         ||     6
  Dodge: Dodged            ||    18

Table legend:
 A = Non-vault XP
 B = Vault XP
 C = Vault XP percentage of total XP
 D = Non-vault monster count
 E = Vault monster count
 F = Vault count percentage of total count
                 A         B        C        D         E       F
            +---------+---------+-------+---------+---------+-------
      Total |      57 |       7 |  10.9 |      35 |       3 |   7.9
            +---------+---------+-------+---------+---------+-------
        D:1 |      42 |       7 |  14.3 |      27 |       3 |  10.0
        D:2 |      15 |       0 |   0.0 |       8 |       0 |   0.0
            +---------+---------+-------+---------+---------+-------
